 Dungeon Crawl Stone Soup version 0.30.1-4-g462c640d31 (webtiles) character file.

Game seed: 2592352832796150005

499 booth the Sneak (level 6, -5/47 HPs)
             Began as a Demonspawn Brigand on Aug 24, 2023.
             Slain by an ogre
             ... wielding a +0 giant club
              (17 damage)
             ... on level 4 of the Dungeon.
             The game lasted 00:29:54 (4425 turns).

booth the Sneak (Demonspawn Brigand)                Turns: 4425, Time: 00:29:55

Health: -5/47      AC:  8    Str: 13    XL:     6   Next: 94%
Magic:  5/6        EV: 12    Int: 13    God:
Gold:   218        SH:  0    Dex: 14    Spells: 5/5 levels left

rFire   . . .        e - +2 dagger (venom)
rCold   . . .        (no shield)
rNeg    . . .        u - +1 robe {Will+}
rPois   .            (no helmet)
rElec   .            c - +1 cloak
rCorr   .            (no gloves)
SInv    .            (no boots)
Will    +....        (no amulet)
Stlth   +++          (no ring)
HPRegen 0.27/turn    (no ring)
MPRegen 0.10/turn

%: no passive effects
@: no status effects
A: icy blue scales 2
a: no special abilities


You were on level 4 of the Dungeon.
You visited 1 branch of the dungeon, and saw 4 of its levels.

You collected 266 gold pieces.
You spent 48 gold pieces at shops.

Inventory:

Hand Weapons
 a - a +2 dagger
 e - a +2 dagger of venom (weapon)
 g - a +0 hand axe
 i - a +0 flail of pain
 r - a +1 dagger of electrocution
 v - a +6 short sword of flaming
Missiles
 d - 6 poisoned darts (quivered)
 q - a throwing net
 t - 3 silver boomerangs
 w - a curare-tipped dart
Armour
 c - a +1 cloak (worn)
 f - a scarf of shadows
 n - a +0 leather armour
 u - a +1 robe of willpower (worn)
Jewellery
 m - a ring of magical power
Potions
 h - 2 potions of haste
 j - a potion of invisibility
 k - a potion of flight
 l - 3 potions of lignification
 o - a potion of attraction
 p - a potion of mutation {unknown}
 s - a potion of heal wounds {unknown}


   Skills:
 + Level 3.4 Fighting
 + Level 3.1 Short Blades
 * Level 4.3 Throwing
 + Level 2.7 Dodging
 + Level 4.5 Stealth


You had 5 spell levels left.
You didn't know any spells.
Your spell library contained the following spells:

 Spells                   Type           Power      Damage    Failure   Level
 Sublimation of Blood     Necr           0%         N/A       43%         2
 Petrify                  Tmut/Erth      0%         N/A       97%         4
 Irradiate                Conj/Tmut      0%         3d11      100%        5


Dungeon Overview and Level Annotations

Branches:
Dungeon (4/15)
 Temple: D:4-7

Altars:

Shops:
D:3 *   D:4 [


Innate Abilities, Weirdness & Mutations

You are mostly covered in icy blue scales. (AC +3)


Message History

Blork the orc closely misses you. Blork the orc barely misses you.
You see here a +0 robe.
You see here a +0 scale mail.
You kill Blork the orc!
You start resting.
There are monsters nearby!
Throw: 7 darts (poison)
Press: ? - help, Q - select action, (/) - cycle Shift-Dir - straight line, f - ogre
Aim: an ogre, wielding a +0 giant club (76% to hit)
You throw a poisoned dart. The poisoned dart hits the goblin.
The goblin is poisoned.
You completely miss the goblin.
The goblin is heavily wounded.
The goblin hits you but does no damage.
You closely miss the goblin.
The goblin is heavily wounded.
The goblin hits you but does no damage.
You hit the goblin but do no damage.
The goblin looks even sicker.
The goblin is heavily wounded.
You hit the goblin.
You kill the goblin!
You hit the ogre.
The ogre is poisoned.
The ogre is lightly wounded.
The ogre barely misses you.
You hit the ogre.
The ogre looks as sick as possible!
The ogre is moderately wounded.
The ogre completely misses you.
You see here the elf corpse of Dowan.
The ogre hits you with a +0 giant club!
You hit the ogre but do no damage.
The ogre is severely wounded.
You barely miss the ogre.
The ogre is severely wounded.
The ogre hits you with a +0 giant club!!
* * * LOW HITPOINT WARNING * * *
You barely miss the ogre.
The ogre is almost dead.
The ogre hits you with a +0 giant club!
You die...

#...........######
#.###.#.......#
#.##......)##[#
#.##..#.##.##)# #.# #
#.##.......##.#
#...#..
#.......#####.#
##.#.#.# ##....<##
###.#### #..#... ###
#>....# #......#
#.#.#.. ..# #.....#
#.@O...######...##.
#.# #.....#
#.#.##รท.)..[#.#....
#.# #######
#.#..#.####..)##.##
..# #>##.#.# ###[..((.
#.# #.##.#.# ##.###.
#.#############......#
### ##
..#...........####.###
#.#.###.#..........#
#.#.###.#..##.######


You could see an ogre (very poisoned).

Vanquished Creatures
  Duvessa (D:4)
  Blork the orc (D:4)
  Dowan (D:4)
  A hound (D:4)
  An iguana (D:4)
  An orc wizard (D:4)
  7 gnolls (D:3)
  3 dart slugs
  9 orcs
  9 endoplasms
  2 giant cockroaches
  7 goblins
  11 hobgoblins
  3 jackals (D:1)
  42 kobolds
  2 quokkas (D:2)
  7 ball pythons
  4 bats
  2 frilled lizards (D:1)
  8 rats
122 creatures vanquished.

Notes
Turn   | Place    | Note
-------+----------+-------------------------------------------
     0 | D:1      | booth the Demonspawn Brigand began the quest for the Orb.
     0 | D:1      | Reached XP level 1. HP: 16/16 MP: 1/1
   153 | D:1      | Reached skill level 1 in Dodging
   243 | D:1      | Gained mutation: You are partially covered in icy blue
                  | scales. (AC +2) [demonic ancestry]
   243 | D:1      | Reached XP level 2. HP: 22/22 MP: 2/2
   705 | D:1      | Reached XP level 3. HP: 28/28 MP: 3/3
  2288 | D:3      | Found a faded altar of an unknown god.
  2399 | D:3      | Found Emuagoyh's General Store.
  2406 | D:3      | Bought a scroll of identify for 24 gold pieces
  2406 | D:3      | Bought a +0 leather armour for 24 gold pieces
  2617 | D:3      | Gained mutation: You are mostly covered in icy blue scales.
                  | (AC +3) [demonic ancestry]
  2617 | D:3      | Reached XP level 4. HP: 34/34 MP: 4/4
  3349 | D:3      | Reached XP level 5. HP: 37/39 MP: 5/5
  4006 | D:4      | Found Bemped's Antique Armour Boutique.
  4179 | D:4      | Noticed Duvessa
  4191 | D:4      | Noticed Dowan
  4196 | D:4      | Killed Duvessa
  4197 | D:4      | Reached XP level 6. HP: 44/47 MP: 6/6
  4208 | D:4      | Killed Dowan
  4370 | D:4      | Noticed Blork the orc
  4401 | D:4      | Killed Blork the orc
  4425 | D:4      | Slain by an ogre

Illustrated notes

Levels and vault maps discovered:
D:1:      amcnicky_arrival_choice, layout_basic, st_stairs_7
D:2:      layout_basic, hangedman_decor_growths, skrybe_limestone_x,
          minmay_fountain_box
D:3:      minmay_goblin_kobold_castle, layout_rooms,
          dreamdust_ecumenical_altar_hidden_monk_grotto, serial_shops,
          nicolae_shop_rolling_square, nicolae_concentric_dashed_squares_wild
D:4:      layout_loops_cross, minmay_temple_entry_statues_pillars, serial_shops,
          nicolae_shop_tiny_waterfront, nicolae_shop_tiny_glass,
          nicolae_shop_advertising_works [nicolae_subvault_shop_adworks], shop,
          nicolae_shop_i_like_small_books_too, amethyst_killhole,
          nicolae_concentric_dashed_squares_mild, st_stairs_11, nrook_campfire,
          minmay_ruptured, uniq_blork_the_orc, uniq_crazy_yiuf_cottage,
          uniq_duvessa

Skill      XL: |  1  2  3  4  5  6 |
---------------+-------------------+-----
Dodging        | 1 2 |  2.7
Throwing       | 2 3 4 |  4.3
Short Blades   | 2 3 |  3.1
Stealth        | 4 |  4.5
Fighting       | 3 |  3.4

Action                     |  1- 3 |  4- 6 || total
---------------------------+-------+-------++-------
  Melee: Dagger            |   161 |   205 ||   366
         Punch             |     1 |     1 ||     2
  Throw: Dart              |     1 |    62 ||    63
    Use: Scroll            |     7 |     1 ||     8
         Potion            |     1 |       ||     1
   Stab: Sleeping          |    17 |     2 ||    19
         Distracted        |       |     1 ||     1
 Armour: Robe              |    31 |     3 ||    34
         Leather armour    |     2 |    81 ||    83
  Dodge: Dodged            |    72 |   133 ||   205
